 Dungeon Sprint DCSS version 0.19.0-17-g07987d3 (webtiles) character file.

9914 LORDOFBUTT the Imperceptible (level 11, -13/47 HPs)
             Began as a Spriggan Enchanter on Nov 10, 2016.
             Was the Champion of Dithmenos.
             Killed from afar by Aizul (30 damage)
             ... with a poison arrow
             ... in the Dungeon (Sprint VII: "The Pits").
             The game lasted 00:09:35 (2449 turns).

LORDOFBUTT the Imperceptible (Spriggan Enchanter)   Turns: 2449, Time: 00:09:35

Health: -13/47     AC: 10    Str:  4    XL:     11   Next: 29%
Magic:  25/32      EV: 18    Int: 17    God:    Dithmenos [******]
Gold:   0          SH:  0    Dex: 20    Spells: 4 memorised, 33 levels left

rFire  . . .     SeeInvis +     x - +2 rapier (drain)
rCold  . . .     Gourm    .     b - +1 robe
rNeg   . . .     Faith    .     (shield restricted)
rPois  .         Spirit   .     (helmet restricted)
rElec  .         Reflect  .     w - +0 cloak
rCorr  .         Harm     .     (gloves unavailable)
MR     +....     NoTele   +     (boots unavailable)
Stlth  ++++++++++               (no amulet)
                                q - +3 ring of protection
                                k - +3 ring of protection

@: lethally poisoned (-13 -> -47), wreathed by umbra, very quick
A: unfitting armour, see invisible, herbivore 3, speed 3, slow metabolism 2
a: Shadow Step, Shadow Form, Renounce Religion


You were in the Dungeon.
You worshipped Dithmenos.
Dithmenos was exalted by your worship.
You were full.

You visited 1 branch

Inventory:

Hand Weapons
 x - a +2 rapier of draining (weapon)
Armour
 b - a +1 robe (worn)
 w - a +0 cloak (worn)
Jewellery
 k - a +3 ring of protection (left hand)
 q - a +3 ring of protection (right hand)
Scrolls
 l - 3 scrolls of remove curse
 m - 5 scrolls of amnesia
Potions
 a - 2 potions of invisibility
 e - 6 potions of curing
 f - 6 potions of heal wounds
 g - a potion of haste
 h - 4 potions of magic
 i - 4 potions of berserk rage
 r - a potion of cure mutation
 s - a potion of brilliance
 t - a potion of might
 u - 2 potions of agility
 v - a potion of resistance
Books
 c - a book of Maledictions

   Spells                             Type                      Level
   a - Corona                         Hexes                        1
   b - Ensorcelled Hibernation        Hexes/Ice                    2
   c - Confuse                        Hexes                        3
   d - Tukima's Dance                 Hexes                        3
   e - Dazzling Spray                 Conjuration/Hexes            3
Comestibles
 d - 8 bread rations
 o - 33 fruits


   Skills:
 - Level 1.1 Short Blades
 - Level 3.0 Dodging
 * Level 26.5 Stealth
 + Level 16.1 Spellcasting
 + Level 16.3 Hexes


You had 33 spell levels left.
You knew the following spells:

 Your Spells              Type           Power        Failure   Level  Hunger
a - Corona                Hex            ######.      0%          1    None
b - Ensorcelled Hibernat  Hex/Ice        #####.       1%          2    None
c - Confuse               Hex            ######..     1%          3    None
d - Tukima's Dance        Hex            ######..     1%          3    None


Dungeon Overview and Level Annotations

Branches:
Dungeon (1/1)

Altars:
Ashenzari
Cheibriados
Dithmenos
Elyvilon
Fedhas
Gozag
Hepliaklqana
Kikubaaqudgha
Makhleb
Nemelex Xobeh
Okawaru
Qazlal
Ru
Sif Muna
Trog
Uskayaw
Vehumet
Xom
Yredelemnul
Zin
The Shining One
Beogh
Jiyva
Lugonu

Annotations:
D Aizul


Innate Abilities, Weirdness & Mutations

You are very small and have problems with some larger weapons.
You are too small for most types of armour.
You have supernaturally acute eyesight. (SInv)
You are a herbivore.
You cover ground extremely quickly.
You need consume almost no food.


Message History

Casting: Ensorcelled Hibernation
Confirm with . or Enter, or press ? or * to list all spells.
Aiming: Ensorcelled Hibernation
Press: ? - help, Shift-Dir - straight line, f/p - Aizul
Aim: Aizul (umbra, chance to defeat MR: 2%)
Okay, then.
Casting: Ensorcelled Hibernation
Confirm with . or Enter, or press ? or * to list all spells.
Aiming: Confuse
Press: ? - help, Shift-Dir - straight line, f/p - Aizul
Aim: Aizul (umbra, chance to defeat MR: 5%)
Okay, then.
You feel sick.
You feel sick.
You feel sick.
You feel sick.
Aizul coils herself and waves her upper body at you.
The poison arrow hits you!
You are lethally poisoned!
Ouch! That really hurt!
You die...

#..#......# †.†.......+
..........+ #..#......#
..........# ###†'######
.##''############ ########## ###
.##......'..'...###........###...
.##......'..'..[@.##......##....#
.##.....##.%##)....##....##..#.#
.##...###....###^...#.†..#...SW#
.##..##........###.###..##§#.#.#
.##''#...#..#)..#.§S§#.§#W§OS..#
###.............+§§§§'S.'..§.T.+
###''#...#..#...#§§§.#..#..O...#
[##..##........###.###..##.#§#.#
.##..÷###)...###....#†...#.....#


You could see Aizul.

Vanquished Creatures
  Polyphemus (D)
  A hydra (D)
  A deep troll (D)
  A flayed ghost (D)
  An unseen horror (D)
  2 hill giants (D)
  A cyclops (D)
  An elephant (D)
  A black mamba (D)
  A spiny frog (D)
  2 komodo dragons (D)
  A red devil (D)
  2 jumping spiders (D)
  2 snapping turtles (D)
  A redback (D)
  A shadow (D)
  A spriggan (shapeshifter) (D)
  A ynoxinul (D)
  A hungry ghost (D)
  A warg (D)
  A porcupine (D)
  A floating eye (D)
  2 sky beasts (D)
  Purgy (D)
  2 ogres (D)
  A crocodile (D)
  6 killer bees (D)
  A hound (D)
  2 orc priests (D)
  An iguana (D)
  Ijyb (D)
  3 worker ants (D)
  3 gnolls (D)
  An adder (D)
  A river rat (D)
  An adder zombie (D)
  An adder skeleton (D)
  A worm (D)
  A leopard gecko (D)
  2 orcs (D)
  A bat zombie (D)
  2 goblins (D)
  2 jackals (D)
  A ball python (D)
  A bat (D)
  A frilled lizard (D)
  A giant cockroach simulacrum (D)
  A rat (D)
67 creatures vanquished.

Vanquished Creatures (collateral kills)
  A necromancer (D)
1 creature vanquished.

Grand Total: 68 creatures vanquished

Notes
Turn   | Place    | Note
-------+----------+-------------------------------------------
     0 | D        | LORDOFBUTT the Spriggan Enchanter began the quest for the Orb.
     0 | D        | Reached XP level 1. HP: 9/9 MP: 5/5
    14 | D        | Reached skill level 5 in Stealth
   235 | D        | Found a radiant altar of Vehumet.
   235 | D        | Found a hide-covered altar of Uskayaw.
   235 | D        | Found an ancient bone altar of Kikubaaqudgha.
   235 | D        | Found a viscous altar of Jiyva.
   235 | D        | Found a hazy altar of Hepliaklqana.
   236 | D        | Found a bloodstained altar of Trog.
   236 | D        | Found a deep blue altar of Sif Muna.
   236 | D        | Found a sacrificial altar of Ru.
   236 | D        | Found a stormy altar of Qazlal.
   236 | D        | Found an iron altar of Okawaru.
   236 | D        | Found a sparkling altar of Nemelex Xobeh.
   236 | D        | Found an opulent altar of Gozag.
   236 | D        | Found a blossoming altar of Fedhas.
   236 | D        | Found a white marble altar of Elyvilon.
   236 | D        | Found a shadowy altar of Dithmenos.
   236 | D        | Found a snail-covered altar of Cheibriados.
   237 | D        | Found a glowing golden altar of the Shining One.
   237 | D        | Found a glowing silver altar of Zin.
   238 | D        | Found a roughly hewn altar of Beogh.
   238 | D        | Found a burning altar of Makhleb.
   238 | D        | Found a basalt altar of Yredelemnul.
   239 | D        | Found a shattered altar of Ashenzari.
   239 | D        | Found a corrupted altar of Lugonu.
   239 | D        | Found a shimmering altar of Xom.
   244 | D        | Became a worshipper of Dithmenos the Shadowed
   287 | D        | Reached skill level 6 in Stealth
   289 | D        | Reached * piety under Dithmenos
   396 | D        | Noticed a worker ant
   396 | D        | Noticed a worker ant
   398 | D        | Reached skill level 7 in Stealth
   398 | D        | Reached XP level 2. HP: 11/13 MP: 5/7
   399 | D        | Reached skill level 8 in Stealth
   399 | D        | Reached skill level 5 in Hexes
   399 | D        | Reached XP level 3. HP: 14/16 MP: 6/10
   402 | D        | Reached ** piety under Dithmenos
   402 | D        | Reached skill level 9 in Stealth
   402 | D        | Reached skill level 5 in Spellcasting
   406 | D        | Learned a level 2 spell: Ensorcelled Hibernation
   410 | D        | Learned a level 3 spell: Confuse
   414 | D        | Learned a level 3 spell: Tukima's Dance
   416 | D        | Noticed a floating eye
   422 | D        | Paralysed by a floating eye for 2 turns
   429 | D        | Paralysed by a floating eye for 2 turns
   435 | D        | Killed a floating eye
   435 | D        | Reached skill level 12 in Stealth
   435 | D        | Reached XP level 4. HP: 9/21 MP: 4/13
   435 | D        | Reached XP level 5. HP: 10/24 MP: 4/15
   441 | D        | Reached *** piety under Dithmenos
   760 | D        | Noticed Ijyb
   772 | D        | Killed Ijyb
   772 | D        | Reached skill level 13 in Stealth
   802 | D        | Reached **** piety under Dithmenos
  1013 | D        | Reached XP level 6. HP: 28/28 MP: 17/17
  1015 | D        | Noticed a flayed ghost
  1019 | D        | Killed a flayed ghost
  1019 | D        | Reached skill level 17 in Stealth
  1019 | D        | Reached skill level 10 in Spellcasting
  1019 | D        | Reached skill level 10 in Hexes
  1019 | D        | Reached XP level 7. HP: 2/32 MP: 14/21
  1316 | D        | Noticed a komodo dragon
  1322 | D        | Reached ***** piety under Dithmenos
  1325 | D        | Killed a komodo dragon
  1325 | D        | Reached skill level 18 in Stealth
  1325 | D        | Reached XP level 8. HP: 36/36 MP: 21/23
  1530 | D        | Noticed a komodo dragon
  1534 | D        | Killed a komodo dragon
  1534 | D        | Reached skill level 19 in Stealth
  1540 | D        | Noticed a black mamba
  1542 | D        | Noticed a deep troll
  1544 | D        | Killed a deep troll
  1544 | D        | Reached skill level 20 in Stealth
  1544 | D        | Reached XP level 9. HP: 39/39 MP: 20/26
  1564 | D        | Reached skill level 21 in Stealth
  1570 | D        | Killed a black mamba
  1570 | D        | Reached ****** piety under Dithmenos
  1765 | D        | Noticed a cyclops
  1773 | D        | Killed a cyclops
  1773 | D        | Reached skill level 22 in Stealth
  1781 | D        | Noticed a hill giant
  1781 | D        | Noticed an unseen horror
  1783 | D        | Noticed a hill giant
  1790 | D        | Killed an unseen horror
  1790 | D        | Reached XP level 10. HP: 37/44 MP: 24/28
  1796 | D        | Killed a hill giant
  1796 | D        | Reached skill level 23 in Stealth
  1798 | D        | Killed a hill giant
  1801 | D        | Noticed an elephant
  2050 | D        | Killed an elephant
  2050 | D        | Reached skill level 24 in Stealth
  2058 | D        | Noticed a four-headed hydra
  2064 | D        | Killed a four-headed hydra
  2064 | D        | Reached skill level 15 in Hexes
  2075 | D        | Noticed a necromancer
  2075 | D        | Noticed Polyphemus
  2076 | D        | Noticed a spiny frog
  2077 | D        | Killed Polyphemus
  2077 | D        | Reached skill level 25 in Stealth
  2077 | D        | Reached skill level 15 in Spellcasting
  2077 | D        | Reached XP level 11. HP: 47/47 MP: 25/31
  2250 | D        | Killed a necromancer
  2250 | D        | Reached skill level 26 in Stealth
  2273 | D        | Noticed Purgy
  2273 | D        | Noticed Aizul
  2274 | D        | Noticed a flayed ghost
  2443 | D        | Killed Purgy
  2449 | D        | Killed from afar by Aizul

Skill      XL: |  1  2  3  4  5  6  7  8  9 10 11 |
---------------+----------------------------------+-----
Stealth        | 7 8 12 13 17 18 20 22 25 26 | 26.5
Spellcasting   | 3 4 6 7 10 12 13 15 16 | 16.1
Hexes          | 4 5 7 8 10 11 12 13 15 16 | 16.3
Short Blades   | |  1.1
Dodging        | |  3.0

Action                   |  1- 3 |  4- 6 |  7- 9 | 10-12 || total
-------------------------+-------+-------+-------+-------++-------
Melee: Dagger            |    39 |    34 |    10 |       ||    83
       Rapier            |       |       |    25 |    79 ||   104
 Cast: Confuse           |     2 |     1 |     8 |     4 ||    15
       Ensorcelled Hiber |       |    10 |     4 |    32 ||    46
       Tukima's Dance    |       |       |       |     1 ||     1
Invok: Shadow Step       |       |       |     1 |     3 ||     4
  Use: Scroll            |       |       |       |     2 ||     2
       Potion            |       |       |       |     2 ||     2
 Stab: Sleeping          |     3 |     4 |    14 |    21 ||    42
       Confused          |       |     2 |     3 |     2 ||     7
  Eat: Fruit             |       |       |       |     7 ||     7
Armor: Robe              |     4 |     3 |     4 |    36 ||    47
Dodge: Dodged            |    40 |    33 |    15 |   233 ||   321
